 Dungeon Crawl Stone Soup version 0.30.1-11-g7821555f0a (webtiles) character file.

Game seed: 15887419841611719563

669 lonewolfV2 the Trooper (level 7, -4/57 HPs)
             Began as a Formicid Fighter on Nov 1, 2023.
             Slain by a gnoll
             ... wielding a +0 halberd
              (11 damage)
             ... on level 4 of the Dungeon.
             The game lasted 00:04:39 (2549 turns).

lonewolfV2 the Trooper (Formicid Fighter)           Turns: 2549, Time: 00:04:39

Health: -4/57      AC: 11    Str: 21 (22) XL:     7   Next: 89%
Magic:  7/7        EV:  6    Int:  7 (8)  God:
Gold:   165        SH:  4    Dex: 11 (13) Spells: 6/6 levels left

rFire   . . .        i - +0 great mace (protect)
rCold   . . .        c - +0 buckler
rNeg    . . .        e - +0 plate armour
rPois   +            (helmet unavailable)
rElec   .            (no cloak)
rCorr   .            (no gloves)
SInv    +            (no boots)
Will    .....        o - amulet of regeneration Stlth
                     n - ring of poison resistance
HPRegen 1.09/turn    (no ring)
MPRegen 0.10/turn

%: no passive effects
@: no status effects
A: permanent stasis, dig shafts and tunnels, antennae 3, four strong arms
a: Dig, Shaft Self


You were on level 4 of the Dungeon.
You visited 1 branch of the dungeon, and saw 4 of its levels.

You collected 165 gold pieces.

Inventory:

Hand Weapons
 a - a +0 war axe
 i - a +0 great mace of protection (weapon)
Armour
 b - a +0 scale mail
 c - a +0 buckler (worn)
 e - a +0 plate armour (worn)
Jewellery
 n - a ring of poison resistance (left hand)
 o - an amulet of regeneration (around neck)
Scrolls
 j - a scroll of poison
 m - a scroll of teleportation {unknown}
Potions
 d - 2 potions of might
 h - a potion of haste
 k - a potion of degeneration
 l - 2 potions of flight


   Skills:
 + Level 5.7 Fighting
 - Level 3.8(5.1) Axes
 * Level 5.0(5.6) Maces & Flails
 - Level 4.3 Armour
 - Level 4.0 Shields


You had 6 spell levels left.
You didn't know any spells.
Your spell library contained the following spells:

 Spells                   Type           Power      Damage    Failure   Level
 Lesser Beckoning         Tloc           0%         N/A       100%        2
 Momentum Strike          Conj/Tloc      0%         3d8       100%        2
 Poisonous Vapours        Pois/Air       0%         N/A       100%        2
 Mephitic Cloud           Conj/Pois/Air  0%         N/A       100%        3
 Freezing Cloud           Conj/Ice/Air   0%         6-21      100%        5
 Blink                    Tloc           Unusable   N/A       N/A         2

Dungeon Overview and Level Annotations

Branches:
Dungeon (4/15)
 Temple: D:4-7

Altars:
Okawaru
The Shining One

Annotations:
D:3 2 transporters, rozman's ghost, amateur DsFi


Innate Abilities, Weirdness & Mutations

You cannot be hasted, slowed, berserked, paralysed or teleported.
You can dig through walls and to a lower floor.
You have a pair of large antennae on your head. (SInv)
Your four strong arms can wield two-handed weapons with a shield.


Message History

The gnoll hits you but does no damage. x4
You closely miss the gnoll.
The gnoll hits you with a +1 flail of protection.
You block the gnoll's attack. The gnoll hits you but does no damage.
The gnoll barely misses you.
You barely miss the gnoll.
The gnoll hits you with a +1 flail of protection.
The gnoll hits you with a +0 flail.
The gnoll hits you but does no damage. x2
The gnoll hits you with a +0 halberd! The gnoll barely misses you.
The gnoll hits you but does no damage. The gnoll hits you with a +0 flail!
Unknown command.
You closely miss the gnoll. The gnoll barely misses you.
The gnoll hits you but does no damage. x2; You block the gnoll's attack.
You closely miss the gnoll. The gnoll hits you with a +0 flail!
* * * LOW HITPOINT WARNING * * *
You block the gnoll's attack. The gnoll hits you with a +0 halberd.
* * * LOW HITPOINT WARNING * * *
The gnoll hits you but does no damage. You block the gnoll's attack.
The gnoll hits you but does no damage. You block the gnoll's attack.
The gnoll barely misses you.
It was a potion of degeneration.
There was something very wrong with that liquid.
You feel weakened.
You feel dopey.
You feel clumsy. The gnoll hits you but does no damage.
The gnoll hits you with a +1 flail of protection.
* * * LOW HITPOINT WARNING * * *
The gnoll hits you but does no damage. The gnoll hits you with a +0 club.
* * * LOW HITPOINT WARNING * * *
It was a potion of curing.
You feel better.
The gnoll hits you with a +1 flail of protection.
* * * LOW HITPOINT WARNING * * *
You block the gnoll's attack. The gnoll hits you but does no damage.
The gnoll barely misses you.
It was a potion of cancellation.
You feel magically purged.
The gnoll hits you with a +1 flail of protection.
* * * LOW HITPOINT WARNING * * *
The gnoll hits you but does no damage. The gnoll hits you with a +0 flail!
* * * LOW HITPOINT WARNING * * *
The gnoll hits you with a +0 halberd!
You die...

#..#
...#
....
#..#
...#
#..#
#gg#
#@g#
...
#.g#
...
#..#
###.
#..#
#...
#..#
#...
#..#
#...
#).#
#...
#..#
#...
#..#
###.


You could see 4 gnolls.

Vanquished Creatures
  Grinder (D:3)
  A scorpion (D:4)
  3 wights (D:4)
  A hound (D:3)
  Crazy Yiuf (D:3)
  Jessica (D:3)
  Terence (D:3)
  2 iguanas (D:4)
  3 adders
  An ufetubus (D:3)
  2 dart slugs (D:1)
  7 orcs
  3 bats
  4 endoplasms (D:3)
  6 goblins
  9 hobgoblins
  4 quokkas
  6 ball pythons
  3 frilled lizards
  7 kobolds
  8 rats
74 creatures vanquished.

Notes
Turn   | Place    | Note
-------+----------+-------------------------------------------
     0 | D:1      | lonewolfV2 the Formicid Fighter began the quest for the
                  | Orb.
     0 | D:1      | Reached XP level 1. HP: 18/18 MP: 1/1
   121 | D:1      | Found a faded altar of an unknown god.
   169 | D:1      | Reached XP level 2. HP: 24/24 MP: 2/2
   647 | D:2      | Reached XP level 3. HP: 29/29 MP: 3/3
  1378 | D:3      | Reached XP level 4. HP: 36/37 MP: 4/4
  1391 | D:3      | Found a transporter.
  1393 | D:3      | Found a transporter.
  1405 | D:3      | Noticed Jessica
  1410 | D:3      | Killed Jessica
  1411 | D:3      | Reached XP level 5. HP: 39/42 MP: 5/5
  1431 | D:3      | Noticed an ogre
  1431 | D:3      | Noticed rozman's ghost (amateur DsFi)
  1431 | D:3      | Noticed an ogre
  1485 | D:3      | Found a glowing golden altar of the Shining One.
  1566 | D:3      | Found a runed translucent door.
  1567 | D:3      | Noticed Crazy Yiuf
  1571 | D:3      | Killed Crazy Yiuf
  1621 | D:3      | Reached skill level 1 in Maces & Flails
  1645 | D:3      | Found an iron altar of Okawaru.
  1786 | D:3      | Noticed Grinder
  1803 | D:3      | Killed Grinder
  1804 | D:3      | Reached skill level 5 in Fighting
  1804 | D:3      | Reached XP level 6. HP: 37/51 MP: 6/6
  1804 | D:3      | Reached XP level 7. HP: 41/56 MP: 7/7
  1908 | D:3      | Noticed Terence
  1913 | D:3      | Killed Terence
  2348 | D:4      | Reached skill level 5 in Maces & Flails
  2549 | D:4      | Slain by a gnoll

Illustrated notes

Levels and vault maps discovered:
D:1:      minmay_arrival_three_doors, layout_rooms,
          ebering_ecumenical_altar_rust, nicolae_titane
D:2:      layout_basic, hangedman_decor_clover_reticule, minivault_25
D:3:      layout_rooms, kennysheep_okawaru_gauntlet, overflow_temple_1_default,
          gammafunk_ghost_smash, uniq_jessica, uniq_grinder, uniq_terence,
          uniq_crazy_yiuf_cottage
D:4:      layout_basic, uniq_menkaure

Skill      XL: |  1  2  3  4  5  6  7 |
---------------+----------------------+-----
Axes           | 3 |  3.8
Fighting       | 4 5 |  5.7
Armour         | 4 |  4.3
Maces & Flails | 3 5 |  5.0
Shields        | |  4.0

Action                     |  1- 3 |  4- 6 |  7- 9 || total
---------------------------+-------+-------+-------++-------
  Melee: War axe           |    70 |     8 |       ||    78
         Great mace        |       |    57 |    53 ||   110
    Use: Scroll            |     7 |     1 |       ||     8
         Potion            |       |       |     3 ||     3
 Armour: Scale mail        |     6 |       |       ||     6
         Plate armour      |    50 |    52 |    48 ||   150
  Dodge: Dodged            |    24 |    34 |    19 ||    77
  Block: Buckler           |    16 |    18 |    15 ||    49
